 Dungeon Crawl Stone Soup version 0.29.1-15-g9cfb28693d (webtiles) character file.

Game seed: 12430073362397805794

1225 Coltbek the Ducker (level 8, -2/72 HPs)
             Began as an Octopode Artificer on Mar 20, 2023.
             Was a Priest of Elyvilon.
             Slain by a gnoll
             ... wielding a +0 flail
             ... led by a gnoll bouda
              (14 damage)
             ... on level 5 of the Dungeon.
             The game lasted 00:32:27 (7807 turns).

Coltbek the Ducker (Octopode Artificer)             Turns: 7807, Time: 00:32:28

Health: -2/72      AC:  1    Str: 12    XL:     8   Next: 47%
Magic:  8/8        EV: 16    Int: 13    God:    Elyvilon [***...]
Gold:   1171       SH:  0    Dex: 14    Spells: 7/7 levels left

rFire   . . .      SeeInvis .   x - +2 great sword (elec)
rCold   . . .      Faith    .   (shield currently unavailable)
rNeg    . . .      Spirit   .   (helmet restricted)
rPois   .          Reflect  .   (no amulet)
rElec   .          Harm     .   (no ring)
rCorr   .          Rampage  .   (no ring)
Will    .....                   (no ring)
Stlth   ..........              (no ring)
HPRegen 0.22/turn               (no ring)
MPRegen 0.11/turn               (no ring)
                                (no ring)
                                (no ring)

@: berserking, very quick
A: almost no armour, amphibious, 8 rings, camouflage 1, gelatinous body 1,
(nimble swimmer 1), tentacles
a: Renounce Religion, Purification, Heal Other, Heal Self


You were on level 5 of the Dungeon.
You worshipped Elyvilon.
Elyvilon was most pleased with you.
You visited 2 branches of the dungeon, and saw 7 of its levels.

You collected 1369 gold pieces.
You spent 198 gold pieces at shops.

Inventory:

Hand Weapons
 a - a +0 club
 k - a +2 sling of freezing
 n - the +6 war axe "Murmur" {vamp, *Rage Will+ rCorr Dex+4}
   (You found it on level 5 of the Dungeon)

   It occasionally heals its wielder for a portion of the damage dealt when it
   wounds a living foe.
   Dex:       It affects your dexterity (+4).
   *Rage:     It berserks you when you make melee attacks (+20% chance).
   rCorr:     It protects you from acid and corrosion.
   Will:      It increases your willpower.
   Elyvilon disapproves of the use of such an item.
 x - a +2 great sword of electrocution (weapon)
Missiles
 h - 3 curare-tipped darts
 s - a throwing net
Armour
 w - a +0 robe
Wands
 b - a wand of flame (13)
 c - a wand of charming (15)
 d - a wand of iceblast (5)
 j - a wand of mindburst (20)
Scrolls
 i - a scroll of fog
 m - a scroll of magic mapping {unknown}
 p - a scroll of teleportation
 r - 3 scrolls of vulnerability
 v - a scroll of fear
Potions
 e - a potion of curing {unknown}
 f - a potion of resistance
 l - a potion of berserk rage
 o - a potion of attraction {unknown}
 q - 2 potions of magic
 u - a potion of mutation {unknown}
Miscellaneous
 g - a piece from Xom's chessboard (12/15) (quivered)


   Skills:
 - Level 1.0 Fighting
 * Level 6.2 Long Blades
 - Level 1.0 Axes
 - Level 1.2 Ranged Weapons
 + Level 7.4 Dodging
 - Level 1.4 Stealth
 - Level 3.8 Evocations


You had 7 spell levels left.
You didn't know any spells.
Your spell library contained the following spells:

 Spells                   Type           Power      Damage    Failure   Level
 Sting                    Tmut/Pois      0%         1d3       30%         1
 Poisonous Vapours        Pois/Air       0%         N/A       43%         2
 Olgreb's Toxic Radiance  Pois           0%         N/A       97%         4


Dungeon Overview and Level Annotations

Branches:
Dungeon (6/15)             Temple (1/1) D:5

Altars:
Ashenzari
Cheibriados
Elyvilon
Fedhas
Gozag
Hepliaklqana
Kikubaaqudgha
Makhleb
Okawaru
Ru
Sif Muna
Trog
Uskayaw
Vehumet
Wu Jian
Xom
Yredelemnul
Zin
The Shining One

Shops:
D:2 *   D:3 *   D:4 [


Innate Abilities, Weirdness & Mutations

You cannot wear most types of armour.
You are amphibious.
You can wear up to eight rings at the same time.
Your skin changes colour to match your surroundings (Stealth+).
Your rubbery body absorbs attacks. (AC +1, EV +1)
((You are camouflaged when in or above water. (Stealth+)))
You have tentacles for arms and can constrict up to eight enemies at once.


Message History

The gnoll hits you with a +0 flail! The gnoll completely misses you.
The gnoll hits you with a +0 whip. The gnoll hits you with a +0 whip!
The gnoll closely misses you. The gnoll barely misses you.
There is a stone staircase leading up, spattered with blood here.
The gnoll misses you. The gnoll completely misses you. The gnoll misses you. x2
You climb upwards.
There is a stone staircase leading down here.
A red film seems to cover your vision as you go berserk!
You feel yourself moving faster!
You feel mighty! The gnoll hits you with a +0 whip!
The gnoll hits you with a +0 whip. The gnoll misses you. x2
You are too injured to fight recklessly!
You are too injured to fight recklessly!
You are too injured to fight recklessly!
You are too injured to fight recklessly!
You are too injured to fight recklessly!
You are too injured to fight recklessly!
You are too injured to fight recklessly!
You are too injured to fight recklessly!
You completely miss the gnoll. You grab the gnoll. You constrict the gnoll.
The gnoll hits you with a +0 whip.
* * * LOW HITPOINT WARNING * * *
The gnoll hits you with a +0 whip.
* * * LOW HITPOINT WARNING * * *
The gnoll misses you. The gnoll barely misses you.
You slash the gnoll!
You kill the gnoll!
You closely miss the gnoll. You grab the gnoll. You constrict the gnoll.
The gnoll hits you with a +0 whip.
* * * LOW HITPOINT WARNING * * *
The gnoll hits you with a +0 flail!
* * * LOW HITPOINT WARNING * * *
The gnoll barely misses you.
You slash the gnoll!
You kill the gnoll!
The gnoll closely misses you. x2
You slash the gnoll! You grab the gnoll. You squeeze the gnoll.
You kill the gnoll!
The gnoll hits you with a +0 flail!
You die...

######..........♣P~~..~~~~≈~~
#####................P~....~~≈P~.
~♣P##.#####..........#♣...~~~≈~♣.
~~P...# ##...#...#<##...~~~PP♣.
~P....# ########........♣~~~♣♣.
P~.)..# #...####...##...♣~PP♣..
~~....# #........#.#..#^♣~P~~..
~~....# #.....)).#.#.##.#♣~♣...
♣♣♣#### #....g@)..........♣....
#....#####.####.#(.....
###....#####.####.#......
##.#.#.#.#............##..
#..................##..#..
##.##'##.#.......#.###....
#..#...#..................
##.'...+.#.......#.####.#.
#.[#...#.........#.#....#.


You could see a gnoll (swift).

Vanquished Creatures
  Sigmund (D:5)
  2 black bears
  An ice beast (D:5)
  An ogre (D:5)
  A necrophage (D:3)
  2 scorpions (D:6)
  5 orc priests
  3 iguanas
  Natasha (thrice) (D:3)
  3 gnolls (D:5)
  10 adders
  A shadow imp (D:6)
  A white imp (D:5)
  2 worms
  A dart slug (D:3)
  16 orcs
  8 endoplasms
  3 giant cockroaches
  9 goblins
  4 hobgoblins
  A kobold (D:1)
  2 quokkas
  10 ball pythons
  5 bats
  12 frilled lizards
  4 rats
111 creatures vanquished.

Vanquished Creatures (others)
  7 plants (D:5)
7 creatures vanquished.

Grand Total: 118 creatures vanquished

Notes
Turn   | Place    | Note
-------+----------+-------------------------------------------
     0 | D:1      | Coltbek the Octopode Artificer began the quest for the Orb.
     0 | D:1      | Reached XP level 1. HP: 13/13 MP: 1/1
   349 | D:1      | Reached XP level 2. HP: 11/18 MP: 2/2
   814 | D:1      | Found a faded altar of an unknown god.
   845 | D:1      | Reached skill level 3 in Dodging
   929 | D:1      | Reached skill level 1 in Axes
   970 | D:1      | Reached XP level 3. HP: 21/23 MP: 3/3
  2044 | D:2      | Found a white marble altar of Elyvilon.
  2406 | D:2      | Became a worshipper of Elyvilon the Healer
  2434 | D:3      | Found Usytzeh's Assorted Antiques.
  2855 | D:3      | Reached XP level 4. HP: 28/28 MP: 4/4
  3115 | D:3      | Noticed Natasha
  3127 | D:3      | Killed Natasha
  3128 | D:3      | Reached skill level 1 in Ranged Weapons
  3128 | D:3      | Reached skill level 4 in Dodging
  3186 | D:3      | Bought a glowing great sword for 180 gold pieces
  3214 | D:3      | Noticed Natasha
  3228 | D:3      | Killed Natasha
  3229 | D:3      | Reached skill level 1 in Long Blades
  3229 | D:3      | Reached XP level 5. HP: 5/33 MP: 5/5
  3445 | D:3      | Noticed Natasha
  3451 | D:3      | Killed Natasha
  3807 | D:3      | Reached XP level 6. HP: 36/38 MP: 6/6
  3847 | D:3      | Reached skill level 5 in Dodging
  4446 | D:3      | Reached * piety under Elyvilon
  4617 | D:4      | Found Dyevadel's Antique Armour Emporium.
  4625 | D:4      | Bought a robe for 18 gold pieces
  5119 | D:4      | Noticed a black bear
  5152 | D:5      | Entered Level 5 of the Dungeon
  5252 | D:4      | Killed a black bear
  5253 | D:4      | Reached XP level 7. HP: 33/43 MP: 7/7
  5505 | D:4      | Identified a scroll of acquirement
  5505 | D:4      | Acquired 1013 gold pieces
  5844 | D:4      | Reached ** piety under Elyvilon
  6149 | D:5      | Reached skill level 6 in Dodging
  6410 | D:5      | Noticed Sigmund
  6420 | D:5      | Killed Sigmund
  6450 | D:5      | Found a staircase to the Ecumenical Temple.
  6459 | Temple   | Entered the Ecumenical Temple
  6551 | D:5      | Reached skill level 5 in Long Blades
  6688 | D:5      | Reached XP level 8. HP: 44/48 MP: 8/8
  6931 | D:5      | Reached skill level 7 in Dodging
  7068 | D:5      | Identified the +6 war axe "Murmur" {vamp, *Rage Will+ rCorr
                  | Dex+4}
  7361 | D:6      | Reached *** piety under Elyvilon
  7807 | D:5      | Slain by a gnoll

Illustrated notes

Levels and vault maps discovered:
D:1:      saegor_arrival_simple_d, layout_basic, ebering_ecumenical_altar_mist,
          chequers_arboretum, minmay_lizard_pond
D:2:      layout_rooms, basic_altar, dk_noncrumbling_3
D:3:      layout_basic, serial_shops, nicolae_shop_statue_plus, uniq_natasha
D:4:      layout_basic, serial_shops, shop
D:5:      layout_rooms, minmay_temple_entry_sparse_star, serial_bayou,
          serial_bayou_pond_e, serial_bayou_shore_b, serial_bayou_ford_a,
          serial_bayou_lake_a, serial_bayou_lagoon_b, minmay_misc_feat_doors,
          hellmonk_bongcloud_opening, uniq_sigmund
D:6:      layout_basic, minmay_misc_feat_chi
Temple:   hellmonk_temple_of_storms

Skill      XL: |  1  2  3  4  5  6  7  8 |
---------------+-------------------------+-----
Dodging        | 3 4 5 6 7 |  7.4
Axes           | 1 |  1.0
Ranged Weapons | 1 |  1.2
Long Blades    | 1 2 3 5 6 |  6.2
Fighting       | |  1.0
Stealth        | |  1.4
Evocations     | |  3.8

Action                   |  1- 3 |  4- 6 |  7- 9 || total
-------------------------+-------+-------+-------++-------
Melee: Hand axe          |    38 |       |       ||    38
       Constrict         |    19 |    21 |    14 ||    54
       Club              |     5 |       |       ||     5
       Tentacles         |    10 |    14 |     6 ||    30
       Sling             |    23 |     9 |       ||    32
       Dagger            |     3 |       |       ||     3
       Great sword       |       |    61 |    51 ||   112
       Rapier            |       |     6 |       ||     6
       Punch             |       |     2 |       ||     2
 Fire: Sling             |    29 |     2 |       ||    31
Evoke: Wand              |     2 |       |       ||     2
       Piece from Xom's  |       |       |     4 ||     4
  Use: Scroll            |     1 |     5 |     6 ||    12
       Potion            |       |     1 |     1 ||     2
 Stab: Sleeping          |     7 |     4 |     4 ||    15
Armor: Skin              |     8 |     5 |     4 ||    17
Dodge: Dodged            |    45 |    53 |    44 ||   142
